 Dungeon Crawl Stone Soup version 0.20.0-15-g7f486f2 (webtiles) character file.

114 sagitran the Chucker (level 4, -1/45 HPs)
             Began as an Ogre Hunter on June 12, 2017.
             Was a Follower of Ashenzari.
             Succumbed to an adder's poison
             ... on level 3 of the Dungeon.
             The game lasted 00:40:28 (2448 turns).

sagitran the Chucker (Ogre Hunter)                  Turns: 2448, Time: 00:40:29

Health: -1/45      AC:  5    Str: 17    XL:     4   Next: 97%
Magic:  4/4        EV: 10    Int: 12    God:    Ashenzari [*.....]
Gold:   134        SH:  0    Dex:  9    Spells: 3/3 levels left

rFire    . . .     SeeInvis .   j - +1 spear
rCold    . . .     Gourm    .   (no shield)
rNeg     . . .     Faith    .   b - +2 robe
rPois    .         Spirit   .   (helmet restricted)
rElec    .         Reflect  .   (no cloak)
rCorr    .         Harm     .   (gloves unavailable)
MR       .....                  (boots unavailable)
Stlth    +.........             (no amulet)
Regen    0.2/turn               (no ring)
MPRegen  0.1/turn               (no ring)

@: lethally poisoned (-1 -> -17)
A: unfitting armour, tough skin 1
a: Curse Item, Scrying, Renounce Religion


You were on level 3 of the Dungeon.
You worshipped Ashenzari.
Ashenzari was aware of your devotion.
You were not hungry.

You visited 1 branch of the dungeon, and saw 3 of its levels.

You collected 134 gold pieces.

Inventory:

Hand Weapons
 j - a +1 spear (weapon)
 k - a cursed -2 mace
Missiles
 c - 3 large rocks (quivered)
Armour
 b - a +2 robe (worn)
Scrolls
 d - 3 scrolls of remove curse
 e - a scroll of teleportation
Potions
 l - a potion of brilliance
Comestibles
 a - a royal jelly
 g - a meat ration
 i - 5 fruits


   Skills:
 + Level 3.4 Fighting
   Level 0.1 Short Blades
 + Level 1.5 Polearms
 + Level 4.9 Throwing
 + Level 2.5 Dodging
 + Level 1.0 Stealth


You had 3 spell levels left.
You didn't know any spells.

Dungeon Overview and Level Annotations

Branches:
Dungeon (3/15)

Altars:
Ashenzari
Elyvilon


Innate Abilities, Weirdness & Mutations

You are too large for most types of armour.
You have tough skin. (AC +1)


Message History

* * * LOW HITPOINT WARNING * * *
Throwing (i - inventory):
c - 3 large rocks (quivered)
Press: ? - help, Shift-Dir - straight line, f/p - adder
Aim: an adder (almost dead)
You throw a large rock. The large rock hits the adder!!
You kill the adder!
* * * LOW HITPOINT WARNING * * *
You feel very sick.
Okay, then.
As you read the scroll labeled PAMEBI MEAC, it crumbles to dust.
It is a scroll of enchant weapon.
Your +0 spear glows red for a moment.
* * * LOW HITPOINT WARNING * * *
You feel sick.
* * * LOW HITPOINT WARNING * * *
You feel sick.
Things that are here:
a large rock; an adder corpse
c - 3 large rocks (gained 1)
You die...

.........................#
......÷##.##########.....#
##.##..##.### #.....###
...##÷.............#.#.#
.####..#..##########.#.#
##.........# #..# #
##.#.....#.# ####.##
#.....####.#####....#
....### #....>.@#### <.#.#
#####.(.# ....# ##...
#..## #.#.. #.## .( ##.
... .## .# .... # # ....
####


There were no monsters in sight!

Vanquished Creatures
  4 adders
  An ooze (D:2)
  3 worms
  2 dart slugs
  A leopard gecko (D:1)
  6 orcs (D:3)
  3 giant cockroaches
  6 hobgoblins
  2 quokkas
  6 bats
  7 frilled lizards
  8 goblins
  5 kobolds
  3 rats (D:2)
  A bush (D:2)
  A plant (D:1)
59 creatures vanquished.

Notes
Turn   | Place    | Note
-------+----------+-------------------------------------------
     0 | D:1      | sagitran the Ogre Hunter began the quest for the Orb.
     0 | D:1      | Reached XP level 1. HP: 22/22 MP: 1/1
   183 | D:1      | Reached XP level 2. HP: 20/29 MP: 2/2
   810 | D:2      | Reached XP level 3. HP: 30/37 MP: 3/3
   884 | D:2      | Found a faded altar of an unknown god.
   915 | D:2      | Became a worshipper of Ashenzari the Shackled
   915 | D:2      | Reached * piety under Ashenzari
  1024 | D:2      | Reached skill level 1 in Stealth
  1378 | D:2      | Reached XP level 4. HP: 45/45 MP: 4/4
  2183 | D:3      | Reached skill level 1 in Polearms
  2210 | D:3      | Found a shattered altar of Ashenzari.
  2275 | D:3      | Found a white marble altar of Elyvilon.
  2446 | D:3      | HP: 2/45 [poisoned by an adder]
  2448 | D:3      | Succumbed to an adder's poison

Skill      XL: |  1  2  3  4 |
---------------+-------------+-----
Dodging        | 2 |  2.5
Fighting       | 3 |  3.4
Stealth        | 1 |  1.0
Polearms       | 1 |  1.5
Short Blades   | |  0.1
Throwing       | |  4.9

Action                   |  1- 3 |  4- 6 || total
-------------------------+-------+-------++-------
Melee: Short sword       |   118 |       ||   118
       Spear             |   274 |    73 ||   347
Throw: Large rock        |    20 |    31 ||    51
       Throwing net      |     6 |       ||     6
  Use: Scroll            |     4 |     2 ||     6
       Potion            |     1 |     1 ||     2
 Stab: Sleeping          |     1 |     1 ||     2
  Eat: Meat ration       |     1 |       ||     1
       Bread ration      |       |     1 ||     1
Armor: Robe              |    13 |    27 ||    40
Dodge: Dodged            |    38 |    37 ||    75
